 Seeded DCSS version 0.29.1-15-g9cfb28693d (webtiles) character file.

Game seed: 15851554773747161596 (custom seed)

16802 bmack86 the Cleaver (level 12, -3/106 HPs)
             Began as a Minotaur Fighter on Mar 17, 2023.
             Was a High Priest of Okawaru.
             Slain by a frost giant
             ... wielding a +3 battleaxe of freezing
              (19 damage)
             ... on level 12 of the Dungeon.
             The game lasted 00:26:25 (10885 turns).

bmack86 the Cleaver (Minotaur Fighter)             Turns: 10885, Time: 00:26:25

Health: -3/106     AC: 31    Str: 41    XL:     12   Next: 13%
Magic:  9/16       EV: 10    Int:  5    God:    Okawaru [*****.]
Gold:   963        SH: 20    Dex: 13    Spells: 11/11 levels left

rFire   + + +      SeeInvis .   p - +8 hand axe "Zetiul" {freeze, Str+4}
rCold   + . .      Faith    +   t - +2 tower shield {AC+3}
rNeg    + . .      Spirit   .   K - +4 chain mail
rPois   +          Reflect  .   (helmet restricted)
rElec   .          Harm     .   R - +2 cloak {rCorr}
rCorr   +          Rampage  +   u - +0 pair of gloves
Will    ++...                   r - +4 pair of boots of Tinuec {Rampage rF++ Will+ Str+3}
Stlth   ..........              U - amulet of Compulsion {Faith rF+ rN+ Dex+2}
HPRegen 0.27/turn               s - ring "Geiskez" {Drain *Slow rPois Will+ Str+9}
MPRegen 0.15/turn               A - ring of protection from cold

@: heroic, finesse-ful, studying Poison Magic
A: horns 2, retaliatory headbutt
a: Renounce Religion, Heroism, Finesse, Duel


You were on level 12 of the Dungeon.
You worshipped Okawaru.
Okawaru was extremely pleased with you.
You visited 3 branches of the dungeon, and saw 14 of its levels.
You also visited: Ossuary and Bailey.

You collected 963 gold pieces.

Inventory:

Hand Weapons
 a - a +0 war axe
 o - a +2 vampiric war axe
 p - the +8 hand axe "Zetiul" (weapon) {freeze, Str+4}
   (You found it on level 3 of the Dungeon)

   It freezes those it strikes, dealing additional cold damage.
   It can also slow down cold-blooded creatures.
   Str:       It affects your strength (+4).
 N - the +10 sling "Areut" {flame, Fly Dex-2 SInv}
   (You found it in a bailey)

   Any ammunition fired from it burns those it strikes, dealing additional fire
   damage.
   Dex:       It affects your dexterity (-2).
   SInv:      It lets you see invisible.
   Fly:       It grants you flight.
 O - a +0 broad axe
Missiles
 g - 17 poisoned darts
 J - 3 curare-tipped darts
 L - 26 boomerangs (quivered)
 P - 5 silver boomerangs
 S - 2 silver javelins
 T - a javelin
Armour
 r - the +4 pair of boots of Tinuec (worn) {Rampage rF++ Will+ Str+3}
   (You acquired it on level 3 of the Dungeon)

   Str:       It affects your strength (+3).
   rF:        It greatly protects you from fire.
   Rampage:   It bestows one free step when moving towards enemies.
   Will:      It increases your willpower.
 t - a +2 tower shield of protection (worn)
 u - a +0 pair of gloves (worn)
 v - the +0 chain mail "Sepeseg" {rPois rC+ Stlth+}
   (You took it off an orc on level 3 of the Dungeon)

   rC:        It protects you from cold.
   rPois:     It protects you from poison.
   Stlth:     It makes you more stealthy.
 K - a +4 chain mail (worn)
 Q - a +2 pair of boots of flying
 R - a +2 cloak of preservation (worn)
Jewellery
 b - a ring of protection from fire
 e - an amulet of the acrobat
 q - an amulet of guardian spirit
 s - the ring "Geiskez" (left hand) {Drain *Slow rPois Will+ Str+9}
   (You acquired it on level 3 of the Dungeon)

   [ring of poison resistance]

   Str:       It affects your strength (+9).
   rPois:     It protects you from poison.
   Drain:     It drains your maximum health when unequipped.
   *Slow:     It may slow you when you take damage.
   Will:      It increases your willpower.
 A - a ring of protection from cold (right hand)
 U - the amulet of Compulsion (around neck) {Faith rF+ rN+ Dex+2}
   (You acquired it on level 11 of the Dungeon)

   [amulet of faith]

   It allows you to gain divine favour quickly.
   Dex:       It affects your dexterity (+2).
   rF:        It protects you from fire.
   rN:        It protects you from negative energy.
Wands
 c - a wand of flame (7)
 k - a wand of mindburst (11)
 y - a wand of acid (8)
 F - a wand of digging (2)
 M - a wand of paralysis (23)
Scrolls
 f - 2 scrolls of enchant weapon
 l - a scroll of blinking
 m - 3 scrolls of vulnerability
 w - 2 scrolls of immolation
 x - 7 scrolls of teleportation
Potions
 h - 4 potions of curing
 i - 3 potions of haste
 j - a potion of ambrosia
 n - 3 potions of attraction
 z - 5 potions of mutation
 B - 7 potions of flight
 D - 2 potions of lignification
 E - a potion of invisibility
 G - 3 potions of brilliance
 H - a potion of magic {unknown}
 I - a potion of berserk rage


   Skills:
 + Level 10.1(15.1) Fighting
 * Level 13.0(18.0) Axes
 + Level 7.6(12.6) Throwing
 + Level 10.0(15.0) Armour
 + Level 9.9(14.9) Shields
 + Level 6.9 Invocations


You had 11 spell levels left.
You didn't know any spells.
Your spell library contained the following spells:

 Spells                   Type           Power      Damage    Failure   Level
 Slow                     Hex            0%         N/A       99%         1
 Confusing Touch          Hex            0%         N/A       100%        3
 Frozen Ramparts          Ice            0%         1d1       100%        3
 Ignite Poison            Fire/Tmut/Pois 0%         N/A       100%        3
 Inner Flame              Hex/Fire       0%         N/A       100%        3
 Mephitic Cloud           Conj/Pois/Air  0%         N/A       100%        3
 Vampiric Draining        Necr           0%         2d6       100%        3
 Cause Fear               Hex            0%         N/A       100%        4
 Ice Form                 Ice/Tmut       0%         N/A       100%        4
 Freezing Cloud           Conj/Ice/Air   0%         6-21      100%        5
 Storm Form               Tmut/Air       0%         N/A       100%        7
 Discord                  Hex            0%         N/A       100%        8
 Maxwell's Capacitive Co  Air            0%         ∞         100%        8
 Summon Ice Beast         Ice/Summ       Unusable   N/A       N/A         4
 Summon Lightning Spire   Summ/Air       Unusable   N/A       N/A         4
 Malign Gateway           Summ/Tloc      Unusable   N/A       N/A         7
 Summon Horrible Things   Summ           Unusable   N/A       N/A         8

Dungeon Overview and Level Annotations

Branches:
Dungeon (12/15)            Temple (1/1) D:4            Lair (1/5) D:10
    Orc (0/2) D:11        Ossuary (visited)          Bailey (visited)

Altars:
Ashenzari
Elyvilon
Fedhas
Gozag
Hepliaklqana
Kikubaaqudgha
Makhleb
Nemelex Xobeh
Okawaru
Qazlal
Sif Muna
Trog
Uskayaw
Vehumet
Xom
Zin
The Shining One

Annotations:
D:5 2 transporters, sigtrap's ghost, novice SpHu


Innate Abilities, Weirdness & Mutations

You have a pair of horns on your head.
You reflexively headbutt those who attack you in melee.


Message History

You kill the deep elf pyromancer!
Okawaru accepts your kill.
L - 26 boomerangs (gained 1)
You see here a scroll of teleportation.
Things that are here:
a +0 dagger; a shapeshifter corpse You now have 963 gold pieces (gained 18).
You start resting.
You feel like a meek peon again.
You start resting.
You feel a little less mighty now.
You start resting.
A frost giant comes into view.
It is wielding a +3 battleaxe of freezing.
You are too injured to fight recklessly!
Throw: 26 boomerangs
Press: ? - help, Q - select action, (/) - cycle Shift-Dir - straight line, f - frost giant
Aim: a frost giant, wielding a +3 battleaxe of freezing (88% to hit)
You throw a boomerang.
The boomerang barely misses the frost giant.
You can now deal lightning-fast blows.
You gain the combat prowess of a mighty hero.
You hit the frost giant. You headbutt the frost giant.
The frost giant is lightly wounded.
The frost giant gestures at you while chanting.
The bolt of cold hits you! You resist.
* * * LOW HITPOINT WARNING * * *
You completely miss the frost giant. You headbutt the frost giant!
The frost giant is lightly wounded.
You slice the frost giant!!
The frost giant is moderately wounded.
You block the frost giant's attack.
You slash the frost giant!
The frost giant is heavily wounded.
You hit the frost giant. You headbutt the frost giant.
The frost giant is heavily wounded.
You slash the frost giant! You freeze the frost giant.
You headbutt the frost giant!
The frost giant is severely wounded.
The frost giant hits you with a +3 battleaxe of freezing!!
You die...

#.#.# #.#.#..#.#
#.#.# #..#.#.#.#
..#.# ###.#.#..#
...#.. ..#.#.#☼#
...## ###...#.##
...
#..###.#.######..#
...
###....)#?#.....#
...
#..#####)#)#○..#.#
#...C@).#.#.#.#
#..######..#.#.#..
#...#.#.. #
#..#.#.#..
#.#.#.#.#.e
##.#...#.#. #
....#.


You could see a frost giant.

Vanquished Creatures
  A deep elf high priest (D:12)
  A fire dragon (D:12)
  A centaur warrior (D:12)
  2 two-headed ogres
  Erica (D:9)
  A salamander (shapeshifter) (D:12)
  2 deep elf pyromancers (D:12)
  An orc knight (Bailey)
  Maurice (D:11)
  A gargoyle (D:5)
  A komodo dragon (D:10)
  3 unseen horrors
  2 kobold demonologists (D:11)
  A tengu conjurer (D:12)
  A troll (D:10)
  A hornet (D:9)
  Grinder (D:5)
  A vampire (D:10)
  2 shadows
  A wyvern (D:11)
  2 wraiths
  A human (D:11)
  12 yaks
  Menkaure (D:5)
  2 wargs (D:11)
  An acid dragon (D:10)
  A water moccasin (D:7)
  9 orc warriors
  An ice beast (D:6)
  2 black bears
  The ghost of nonceun the Chopper, an amateur MiBe of Trog (D:3)
  2 ogres
  3 centaurs
  2 phantoms
  5 kobold brigands
  2 bullfrogs
  9 scorpions
  16 wights
  10 killer bees
  5 howler monkeys
  2 hounds (D:5)
  5 orc priests
  Crazy Yiuf (D:7)
  5 iguanas
  3 gnoll boudas
  7 orc wizards
  9 mummies
  12 adders
  12 gnolls
  A shadow imp (D:7)
  2 worms
  3 dart slugs
  47 orcs
  15 bats
  6 endoplasms
  4 giant cockroaches
  2 gnoll zombies (Ossuary)
  10 goblins
  7 hobgoblins
  9 jackals
  39 kobolds
  3 quokkas
  10 ball pythons
  A frilled lizard (D:1)
  2 hobgoblin zombies (Ossuary)
  2 kobold zombies (Ossuary)
  2 orc zombies (Ossuary)
  5 rats
  2 bushes (D:8)
341 creatures vanquished.

Vanquished Creatures (others)
  6 fungi (D:4)
  13 plants
19 creatures vanquished.

Grand Total: 360 creatures vanquished

Notes
Turn   | Place    | Note
-------+----------+-------------------------------------------
     0 | D:1      | bmack86 the Minotaur Fighter began the quest for the Orb.
     0 | D:1      | Reached XP level 1. HP: 19/19 MP: 0/0
   315 | D:1      | Reached XP level 2. HP: 23/27 MP: 1/1
   360 | D:1      | Reached skill level 3 in Axes
   836 | D:1      | Found a faded altar of an unknown god.
   879 | D:2      | Identified the +6 dagger of Indomitability {flame, rF+ rN+
                  | rCorr Dex-5}
  1021 | D:2      | Reached XP level 3. HP: 33/33 MP: 2/2
  1407 | D:2      | Reached XP level 4. HP: 40/40 MP: 3/3
  1594 | D:3      | Found a runed translucent gate.
  1594 | D:3      | Found a runed translucent gate.
  1594 | D:3      | Found a runed translucent gate.
  1595 | D:3      | Noticed nonceun's ghost (amateur MiBe)
  1595 | D:3      | Identified the +0 chain mail "Sepeseg" {rPois rC+ Stlth+}
  1608 | D:3      | Identified the +8 hand axe "Zetiul" {freeze, Str+4}
  1633 | D:3      | Reached skill level 1 in Throwing
  1707 | D:3      | Identified 3 scrolls of acquirement
  1707 | D:3      | Acquired the ring "Geiskez" {Drain *Slow rPois Will+ Str+9}
  1709 | D:3      | Acquired a +1 tower shield of protection
  1711 | D:3      | Acquired the +4 pair of boots of Tinuec {Rampage rF++ Will+
                  | Str+3}
  1767 | D:3      | Reached skill level 4 in Axes
  1891 | D:3      | Found an ancient bone altar of Kikubaaqudgha.
  1891 | D:3      | Found a burning altar of Makhleb.
  2190 | D:3      | Killed nonceun's ghost
  2191 | D:3      | Reached XP level 5. HP: 26/47 MP: 4/4
  2593 | D:4      | Noticed a phantom
  2600 | D:4      | Killed a phantom
  2601 | D:4      | Reached skill level 5 in Axes
  2601 | D:4      | Reached XP level 6. HP: 47/55 MP: 5/5
  2607 | D:4      | Reached skill level 5 in Fighting
  2648 | D:4      | Reached skill level 5 in Armour
  2648 | D:4      | Reached skill level 5 in Shields
  2670 | D:4      | Reached XP level 7. HP: 61/61 MP: 6/6
  2686 | D:4      | Reached skill level 6 in Axes
  2741 | D:4      | Found a hazy altar of Hepliaklqana.
  2886 | D:4      | Found a hide-covered altar of Uskayaw.
  2939 | D:4      | Found a staircase to the Ecumenical Temple.
  3056 | Temple   | Entered the Ecumenical Temple
  3071 | Temple   | Became a worshipper of Warmaster Okawaru
  3272 | D:5      | Entered Level 5 of the Dungeon
  3302 | D:5      | Noticed Grinder
  3307 | D:5      | Killed Grinder
  3325 | D:5      | Reached skill level 1 in Invocations
  3329 | D:5      | Reached XP level 8. HP: 61/70 MP: 6/8
  3331 | D:5      | Reached * piety under Okawaru
  3421 | D:5      | Found a sand-covered staircase.
  3428 | Ossuary  | Entered an ossuary
  3634 | D:5      | Reached skill level 7 in Axes
  3695 | D:5      | Killed an unseen horror
  3695 | D:5      | Reached ** piety under Okawaru
  3883 | D:5      | Noticed a gargoyle
  3886 | D:5      | Found a transporter.
  3891 | D:5      | Killed a gargoyle
  3892 | D:5      | Reached skill level 8 in Axes
  3970 | D:5      | Found a transporter.
  3972 | D:5      | Noticed sigtrap's ghost (novice SpHu)
  3979 | D:5      | Noticed Menkaure
  3986 | D:5      | Killed Menkaure
  3987 | D:5      | Reached XP level 9. HP: 78/78 MP: 10/10
  4539 | D:6      | Reached *** piety under Okawaru
  4591 | D:6      | Reached skill level 9 in Axes
  4905 | D:6      | Reached skill level 5 in Throwing
  4912 | D:6      | Found a sparkling altar of Nemelex Xobeh.
  5085 | D:7      | Found a stormy altar of Qazlal.
  5262 | D:7      | Found a flagged portal.
  5277 | Bailey   | Entered a bailey
  5287 | Bailey   | Noticed an orc knight
  5401 | Bailey   | Identified the +10 sling "Areut" {flame, Fly Dex-2 SInv}
  5474 | Bailey   | Killed an orc knight
  5478 | Bailey   | Reached XP level 10. HP: 35/88 MP: 12/12
  5528 | Bailey   | Received a gift from Okawaru
  5927 | D:7      | Reached **** piety under Okawaru
  6213 | D:7      | Reached skill level 10 in Axes
  6396 | D:7      | Found a runed translucent door.
  6397 | D:7      | Noticed Crazy Yiuf
  6403 | D:7      | Killed Crazy Yiuf
  6971 | D:8      | Noticed a two-headed ogre
  6975 | D:8      | Killed a two-headed ogre
  7199 | D:8      | Identified the +0 scale mail of Hoxil {Str+2 Dex+3}
  7242 | D:8      | Reached skill level 5 in Invocations
  7628 | D:9      | Received a gift from Okawaru
  7652 | D:9      | Reached skill level 11 in Axes
  7746 | D:9      | Found a white marble altar of Elyvilon.
  7764 | D:9      | Received a gift from Okawaru
  8172 | D:9      | Noticed Erica
  8186 | D:9      | Killed Erica
  8187 | D:9      | Reached XP level 11. HP: 84/95 MP: 14/14
  8469 | D:10     | Entered Level 10 of the Dungeon
  8582 | D:10     | Received a gift from Okawaru
  8615 | D:10     | Reached ***** piety under Okawaru
  8705 | D:10     | Found a staircase to the Lair.
  8833 | D:10     | Received a gift from Okawaru
  9078 | D:10     | Found a bloodstained altar of Trog.
  9485 | Lair:1   | Entered Level 1 of the Lair of Beasts
  9570 | D:11     | Found a staircase to the Orcish Mines.
  9783 | D:11     | Reached skill level 12 in Axes
  9788 | D:11     | Identified the +3 kite shield of Ipsaruuxti {Rampage rElec
                  | Dex+3} (Okawaru gifted it to you on level 11 of the
                  | Dungeon)
  9788 | D:11     | Received a gift from Okawaru
 10009 | D:11     | Found a glowing golden altar of the Shining One.
 10013 | D:11     | Noticed Maurice
 10026 | D:11     | Killed Maurice
 10137 | D:11     | Acquired the amulet of Compulsion {Faith rF+ rN+ Dex+2}
 10252 | D:11     | Noticed a two-headed ogre
 10259 | D:11     | Killed a two-headed ogre
 10786 | D:12     | Noticed a centaur warrior
 10789 | D:12     | Noticed a fire dragon
 10791 | D:12     | Noticed a deep elf pyromancer
 10794 | D:12     | Noticed a deep elf high priest
 10794 | D:12     | Noticed a deep elf pyromancer
 10796 | D:12     | Killed a centaur warrior
 10806 | D:12     | Killed a fire dragon
 10820 | D:12     | Killed a deep elf pyromancer
 10820 | D:12     | Received a gift from Okawaru
 10821 | D:12     | Reached skill level 10 in Fighting
 10821 | D:12     | Reached XP level 12. HP: 30/106 MP: 13/16
 10830 | D:12     | Killed a deep elf high priest
 10831 | D:12     | Reached skill level 13 in Axes
 10831 | D:12     | Reached skill level 10 in Armour
 10875 | D:12     | Noticed a frost giant
 10885 | D:12     | Slain by a frost giant

Illustrated notes

Levels and vault maps discovered:
D:1:      evilmike_arrival_plus, layout_rooms,
          shapermc_ecumenical_altar_hornbeckon, dreamdust_wishing_well,
          serial_bayou_lagoon_a, hangedman_abyss_or_decor_lesser_grid
D:2:      layout_basic, mrwooster_statue_mirror
D:3:      layout_basic, gammafunk_temple_overflow_pools,
          biasface_ghost_orc_armoury
D:4:      old_forge, layout_cave_pools, nicolae_uskayaw_dance_hall,
          nicolae_hepliaklqana_hazy_memory, minmay_temple_entry_enclosed_plants
D:5:      layout_gridville, gup_ossuary_entry_pyramid,
          gammafunk_ghost_mausoleum, minmay_manual_mess, uniq_menkaure,
          uniq_grinder
D:6:      layout_cave_pools, nemelex_dance_club_becter
D:7:      layout_loops_corners, mainiacjoe_overflow_paths, enter_bailey_6,
          uniq_crazy_yiuf_cottage
D:8:      layout_loops_ring, hangedman_decor_lopped, minmay_hedge_maze
D:9:      layout_small_grid, mainiacjoe_overflow_cross_hatched, uniq_erica
D:10:     layout_loops_cross, mainiacjoe_overflow_boulevard, david_lair_shrubbed
D:11:     layout_long_grid, erik_orc_4, tso_metal_star, uniq_maurice
D:12:     minmay_tearing_corner, layout_basic
Temple:   nicolae_temple_two_arcs
Lair:1:   layout_hall_layers

Skill      XL: |  1  2  3  4  5  6  7  8  9 10 11 12 |
---------------+-------------------------------------+-----
Axes           | 3 4 5 6 8 9 11 12 13 | 13.0
Armour         | 4 5 6 7 8 9 10 | 10.0
Fighting       | 4 5 6 7 8 10 | 10.1
Shields        | 4 5 6 7 8 9 |  9.9
Throwing       | 1 2 3 4 5 6 7 |  7.6
Invocations    | 1 3 4 5 6 |  6.9

Action                   |  1- 3 |  4- 6 |  7- 9 | 10-12 || total
-------------------------+-------+-------+-------+-------++-------
Melee: War axe           |    82 |     6 |       |       ||    88
       Headbutt          |     5 |     7 |    32 |    54 ||    98
       Hand axe          |       |    75 |   179 |   333 ||   587
Throw: Dart              |       |       |     5 |       ||     5
       Boomerang         |       |       |       |    16 ||    16
Invok: Heroism           |       |       |       |     2 ||     2
       Finesse           |       |       |       |     1 ||     1
  Use: Scroll            |       |     3 |     2 |    18 ||    23
       Potion            |       |       |       |     2 ||     2
Armor: Scale mail        |    71 |    14 |       |       ||    85
       Chain mail        |       |    21 |    88 |   182 ||   291
Dodge: Dodged            |    76 |    53 |   103 |    74 ||   306
Block: Buckler           |    28 |    18 |     9 |       ||    55
       Tower shield      |       |       |   125 |   274 ||   399
